 Dungeon Crawl Stone Soup version 0.16-a0-1301-gf74d490 (webtiles) character file.

48 Kashira the Caller (level 3, -5/19 HPs)
             Began as a Tengu Summoner on Oct 15, 2014.
             Killed from afar by Nicoed's ghost (11 damage)
             ... with a magic dart
             ... on level 4 of the Dungeon.
             The game lasted 00:07:06 (1404 turns).

Kashira the Caller (Tengu Summoner)                 Turns: 1404, Time: 00:07:06

Health: -5/19      AC:  4    Str:  8    XL:     3   Next: 72%
Magic:  1/7        EV: 13    Int: 16    God:
Gold:   65         SH:  0    Dex: 14    Spells: 2 memorised, 4 levels left

rFire  + . .     SeeInvis .     d - +0 whip
rCold  . . .     Clarity  .     a - +0 robe
rNeg   . . .     SustAb   .     (no shield)
rPois  +         Gourm    .     (helmet restricted)
rElec  .         Spirit   .     g - +0 cloak
rCorr  .         Warding  .     r - +0 pair of gloves
rMut   .         Stasis   .     (boots unavailable)
MR     .....                    (no amulet)
Stlth  +++.......               (no ring)
                                (no ring)

@: not resistant to hostile enchantments, fairly stealthy
A: beak, talons 3, camouflage 1, fire resistance 1, poison resistance
a: no special abilities


You were on level 4 of the Dungeon.
You were near starving.

You visited 1 branch of the dungeon, and saw 4 of its levels.

You collected 65 gold pieces.

Inventory:

Hand weapons
 d - a +0 whip (weapon)
Missiles
 o - a throwing net (quivered)
Armour
 a - a +0 robe (worn)
 e - a +0 leather armour
 g - a +0 cloak (worn)
 r - a +0 pair of gloves (worn)
Jewellery
 q - an uncursed amulet of resist corrosion {unknown}
Scrolls
 f - a scroll of enchant weapon {unknown}
 h - 2 scrolls of teleportation {unknown}
 i - 2 scrolls of remove curse {unknown}
 k - 2 scrolls of fog {unknown}
 m - a scroll of magic mapping
 n - a scroll of fear
Potions
 l - 2 potions of curing
 s - a potion of berserk rage {unknown}
Books
 b - a book of Callings

   Spells                             Type                      Level
   *Summon Small Mammal               Summoning                    1
   *Call Imp                          Summoning                    2
   Call Canine Familiar               Summoning                    3
   Summon Guardian Golem              Hexes/Summoning              4
   Summon Lightning Spire             Summoning/Air                4
   Summon Ice Beast                   Ice/Summoning                4
Comestibles
 c - 2 bread rations
 j - a beef jerky
 p - a meat ration


   Skills:
 + Level 0.2 Fighting
 + Level 2.6 Dodging
 - Level 2.0 Stealth
 + Level 2.6 Spellcasting
 + Level 5.6 Summonings


You had 4 spell levels left.
You knew the following spells:

 Your Spells              Type           Power        Failure   Level  Hunger
a - Summon Small Mammal   Summ           ###.         1%          1    #......
b - Call Imp              Summ           ###.....     3%          2    ##.....


Dungeon Overview and Level Annotations

Branches:
Dungeon (4/15)
 Temple: D:4-7

Altars:

Annotations:
D:3 Nicoed's ghost, weakling DECj
D:4 Nicoed's ghost, average DECj


Innate Abilities, Weirdness & Mutations

You have a beak for a mouth.
You have claws for feet.
Your skin changes colour to match your surroundings (Stealth).
Your flesh is heat resistant.
Your system is resistant to poisons.


Message History

Your crimson imp hits Nicoed's ghost.
Your bat barely misses Nicoed's ghost.
Nicoed's ghost casts a spell at you. The magic dart hits you!
There is a stone staircase leading down here.
You climb downwards.
Found 2 puce potions.
Found a stone staircase leading up.
There is a stone staircase leading up here.
Memorise Call Canine Familiar, consuming 3 spell levels and leaving 1?
You start memorising the spell.
You continue memorising.
You continue memorising. x2
Nicoed's ghost points at you and mumbles some strange words.
Your memorisation is interrupted.
The orb of energy hits you!
Read which item? (? for menu, Esc to quit)
Okay, then.
A giant frog comes into view.
Nicoed's ghost casts a spell at you. The magic dart hits you!
Ouch! That really hurt!
You die...

.... ...F....
.... ...##
...#. ....##
...#!.##..#.#
#......#..#.#
##....#.#....#
.............#
#........@#
#...#..<...#
#.......#
..W.......#
......#.....#
....#.......#
...........#
..##......# #
##.....


You could see a giant frog (sleeping) and Nicoed's ghost.

Vanquished Creatures
  A giant gecko (D:1)
  A giant cockroach (D:1)
  A bat (D:1)
  A kobold (D:1)
4 creatures vanquished.

Vanquished Creatures (collateral kills)
  Jessica (D:2)
  An adder (D:2)
  2 giant mites (D:3)
  5 hobgoblins
  3 kobolds
  3 bats
  3 giant cockroaches
  2 giant geckos (D:1)
  5 giant newts
  7 goblins
  2 rats
34 creatures vanquished.

Vanquished Creatures (others)
  A bat (D:1)
1 creature vanquished.

Grand Total: 39 creatures vanquished

Notes
Turn   | Place    | Note
--------------------------------------------------------------
     0 | D:1      | Kashira, the Tengu Summoner, began the quest for the Orb.
     0 | D:1      | Reached XP level 1. HP: 10/10 MP: 3/3
    54 | D:1      | Reached skill level 5 in Summonings
   217 | D:1      | Reached XP level 2. HP: 12/15 MP: 0/5
   221 | D:1      | Learned a level 2 spell: Call Imp
   570 | D:2      | Gained mutation: Your skin changes colour to match your surroundings (Stealth). [potion of mutation]
   570 | D:2      | Gained mutation: Your flesh is heat resistant. [potion of mutation]
   570 | D:2      | Gained mutation: Your system is resistant to poisons. [potion of mutation]
   830 | D:2      | Reached XP level 3. HP: 19/19 MP: 5/7
  1102 | D:2      | Noticed Jessica
  1110 | D:2      | Killed Jessica
  1368 | D:3      | Noticed Nicoed's ghost (weakling DECj)
  1399 | D:4      | Noticed Nicoed's ghost (average DECj)
  1404 | D:4      | Noticed a giant frog
  1404 | D:4      | Killed from afar by Nicoed's ghost

Action                   || total
-------------------------++-------
Melee: Whip              ||    13
 Cast: Summon Small Mamm ||    20
       Call Imp          ||    34
  Use: Potion            ||     1
       Scroll            ||     4
  Eat: Chunk             ||     2
